AoeStats
← Mukava2

Arena

507694180Analyzed
4v4 RM · 13d ago on Sep 19, 2026· 47m 27s· 8 players
Game mode
Random Map
Map size
Large (8 player)
Population
200
Speed
Normal
Resources
Standard
Victory
Conquest
Starting age
Dark Age
Ending age
Imperial Age
RankedLock teamsTeams togetherTeam positionsShared explorationLock speedFull tech treeHidden civsTurbo modeCheats
Victory
Defeat
🇮🇳 Bengalis · India
737
+16
🇺🇸 Franks · United States
717
+16
🇺🇸 Celts · United States
676
+18
🇺🇸 Khmer · United States
664
+19
🇦🇹 Persians · Austria
764
-19
🇪🇸 Byzantines · Spain
720
-41
🇹🇼 Mongols · Taiwan
714
-17
🇪🇸 Italians · Spain
702
-16
Mukava2
1:37 Loom
15:08 Feudal Age
23:37 Castle Age
22:28 Double-Bit Axe
22:37 Horse Collar
33:42 Scale Barding Armor
33:40 Scale Mail Armor
Maniac313
10:51 Feudal Age
18:29 Castle Age
17:14 Double-Bit Axe
25:05 Wheelbarrow
32:37 Imperial Age
30:18 Loom
30:50 Horse Collar
31:23 Bow Saw
31:09 Gold Mining
31:10 Stone Mining
32:30 Kamandaran
32:50 Hand Cart
32:56 Heavy Plow
34:39 Conscription
35:15 Thumb Ring
35:50 Hoardings
35:13 Murder Holes
35:36 Crossbowman
36:40 Citadels
38:02 Two-Man Saw
37:43 Elite War Elephant
37:57 Pikeman
Quijote
3:16 Loom
13:36 Feudal Age
14:14 Double-Bit Axe
16:27 Wheelbarrow
20:43 Castle Age
20:27 Fletching
21:19 Padded Archer Armor
21:51 Crossbowman
22:53 Gold Mining
23:42 Bodkin Arrow
23:56 Town Watch
24:32 Thumb Ring
24:52 Fortified Wall
25:26 Ballistics
31:02 Imperial Age
29:35 Horse Collar
34:09 Bow Saw
34:05 Bracer
35:08 Chemistry
35:07 Hand Cart
37:25 Conscription
38:03 Treadmill Crane
39:54 Elite Genoese Crossbowman
45:38 Hoardings
45:16 Masonry
45:02 Murder Holes
誰偷我的豬
0:35 Loom
10:15 Feudal Age
16:15 Castle Age
14:08 Double-Bit Axe
16:49 Gold Mining
maverick23
11:45 Feudal Age
10:01 Loom
14:13 Double-Bit Axe
14:32 Horse Collar
19:53 Castle Age
19:55 Stone Mining
21:19 Bow Saw
22:44 Scale Mail Armor
22:47 Padded Archer Armor
27:10 Man-at-Arms
28:42 Ballistics
28:34 Masonry
31:16 Wheelbarrow
31:10 Gold Mining
31:34 Murder Holes
33:57 Fortified Wall
35:28 Hand Cart
37:32 Long Swordsman
41:23 Gold Shaft Mining
44:12 Imperial Age
42:57 Tusk Swords
43:22 Leather Archer Armor
42:58 Fletching
43:14 Scale Barding Armor
43:21 Forging
45:58 Double Crossbow
45:19 Elite Ballista Elephant
47:43 Conscription
lindapc12345
2:00 Loom
12:13 Feudal Age
22:23 Castle Age
22:36 Double-Bit Axe
24:50 Gambesons
24:52 Arson
26:40 Wheelbarrow
27:46 Hand Cart
27:59 Bow Saw
34:59 Murder Holes
35:24 Ballistics
35:20 Scale Barding Armor
38:21 Imperial Age
37:23 #83
40:49 Town Watch
41:09 Cavalier
43:56 Paladin
natepc123
2:00 Loom
10:39 Feudal Age
11:06 Double-Bit Axe
11:04 Horse Collar
17:35 Castle Age
15:47 Stone Mining
18:16 Wheelbarrow
21:27 Hand Cart
22:11 Stone Shaft Mining
21:26 Town Watch
21:40 Fletching
26:39 Gold Mining
27:30 Bow Saw
30:15 Town Patrol
34:02 Imperial Age
33:02 Stronghold
33:06 Gambesons
33:07 Arson
34:33 Gold Shaft Mining
35:01 Ballistics
34:22 Treadmill Crane
34:41 Cavalier
35:22 Husbandry
36:09 Fervor
36:44 Scale Barding Armor
36:40 Scale Mail Armor
36:51 Forging
36:50 Siege Engineers
36:56 Masonry
37:29 Heavy Plow
38:02 Chain Barding Armor
37:41 Arrowslits
40:18 Paladin
41:56 Murder Holes
42:21 Chain Mail Armor
43:34 Fortified Wall
44:25 Chemistry
43:59 Plate Mail Armor
45:16 Furor Celtica
45:43 Hoardings
45:13 Padded Archer Armor
46:19 Iron Casting
45:40 Bodkin Arrow
47:33 Leather Archer Armor
47:12 Guard Tower
47:33 Clinker Construction
saikrishan399
11:42 Feudal Age
17:35 Castle Age
17:34 Loom
18:47 Double-Bit Axe
23:10 Bow Saw
25:44 Stone Mining
25:47 Gold Mining
27:18 Gold Shaft Mining
27:46 Wheelbarrow
32:21 Imperial Age
30:59 Forging
30:50 Scale Mail Armor
30:55 Scale Barding Armor
30:41 Fletching
30:52 Padded Archer Armor
31:28 Scale Barding Armor
31:28 Padded Archer Armor
32:33 Ballistics
32:46 Hand Cart
32:17 Town Watch
34:41 Two-Man Saw
34:48 Paiks
34:21 Elite Ratha (Ranged)
38:14 Chemistry
38:20 Iron Casting
38:01 Chain Mail Armor
38:06 Chain Barding Armor
37:42 Bodkin Arrow
38:03 Leather Archer Armor
40:59 Blast Furnace
42:45 Bracer
43:15 Ring Archer Armor
43:21 Plate Barding Armor
Connection lost

Rejoining the realm…

Still unreachable

The connection could not be restored.

Session expired

The server has moved on; the page needs a fresh start.